Map: Zen LE

Players

ViBE - Winner!

  • Race: Zerg Zerg
  • League: Diamond
  • Spawn Location: 1:00

Hemlock

  • Race: Protoss Protoss
  • League: Platinum
  • Spawn Location: 7:00

VOD

Have the link to the VOD?

Description

Time

  • Played on: Dec. 14, 2019, 10:02 p.m.
  • Length: 9:16
Show
View Real Time Build Order
Export as new Build Order

ViBE Zerg - Winner!

Build Orders: Hatch First 

Get SALT Encoding   

  12  0:00  Drone  
  13  0:13  Overlord  
  13  0:17  Drone  
  14  0:31  Drone x2  
  16  0:50  Hatchery  
  16  0:54  Drone  
  16  0:56  Drone  
  17  1:00  Drone  
  18  1:09  Drone  
  19  1:22  Spawning Pool  
  19  1:24  Drone  
  19  1:29  Drone  
  20  1:36  Extractor  
  19  1:42  Drone  
  20  2:04  Overlord  
  20  2:10  Queen x2  
  20  2:11  Zergling x4  
  20  2:12  Spine Crawler  
  25  2:17  Zergling x2  
  25  2:18  Zergling x2  
  27  2:28  Drone x2  
  28  2:37  Drone  
  28  2:38  Drone  
  30  2:46  Drone x2  
  32  2:55  Lair  
  32  2:59  Overlord  
  32  3:04  Overlord  
  32  3:16  Queen  
  33  3:22  Roach Warren  
  33  3:25  Drone x2  
  33  3:26  Drone x3  
  37  3:37  Zergling x2  
  37  3:38  Zergling x4  
  39  3:43  Drone x3  
  39  3:47  Extractor x2  
  40  3:50  Overlord  
  40  3:59  Overlord  
  40  4:00  Overlord  
  40  4:04  Glial Reconstitution  
  40  4:09  Overlord  
  40  4:13  Drone x5  
  45  4:32  Drone x8  
  53  4:44  Overseer  
  53  4:49  Drone  
  53  4:50  Drone  
  55  4:59  Overlord  
  55  5:02  Roach  
  55  5:05  Roach  
  55  5:06  Hatchery, Roach x2  
  55  5:07  Overseer, Roach x3  
  68  5:16  Roach  
  68  5:17  Roach  
  72  5:26  Roach x2  
  72  5:28  Overlord  
  75  5:45  Drone  
  75  5:46  Drone x2  
  75  5:49  Spore Crawler  
  77  5:50  Spine Crawler  
  77  5:52  Spore Crawler  
  77  5:53  Spine Crawler, Drone x2  
  77  5:55  Drone  
  76  6:04  Spore Crawler, Spine Crawler  
  76  6:08  Overlord x2  
  74  6:17  Drone x5  
  79  6:31  Drone x4  
  83  6:47  Drone x4  
  87  6:59  Overlord x5  
  87  7:01  Roach x6  
  99  7:09  Roach  
  99  7:15  Roach x2  
  105  7:23  Drone  
  105  7:25  Roach x7  
  120  7:32  Hatchery  
  119  7:40  Roach x6  
  131  7:46  Roach  
  133  7:53  Roach  
  133  7:54  Roach x7  
  133  7:58  Overlord  
  149  8:08  Roach x2  
  149  8:09  Overlord x3  
  153  8:13  Pneumatized Carapace  
  154  8:21  Hatchery  
  152  8:36  Roach x4  
  152  8:37  Roach x9  
  176  8:43  Overlord  
  176  8:52  Extractor  
  176  8:54  Drone  
  176  8:55  Extractor, Roach  
  177  8:56  Extractor  
  177  8:57  Roach  
Show
View Real Time Build Order
Export as new Build Order

Hemlock Protoss 

Build Orders:  

Get SALT Encoding   

  12  0:01  Probe  
  13  0:13  Probe  
  14  0:19  Pylon  
  14  0:25  Probe  
  15  0:37  Gateway  
  15  0:40  Probe  
  16  0:52  Probe, Pylon  
  17  0:57  Assimilator  
  18  1:04  Probe  
  18  1:16  Probe  
  19  1:26  Cybernetics Core  
  19  1:28  Probe, Zealot (Chrono Boost)  
  22  1:44  Pylon  
  23  1:47  Probe, Zealot (Chrono Boost)  
  25  1:59  Probe  
  26  2:02  Warp Gate  
  26  2:09  Stalker (Chrono Boost)  
  28  2:29  Stalker (Chrono Boost)  
  28  2:31  Probe  
  28  2:52  Zealot  
  30  3:08  Pylon  
  30  3:09  Assimilator  
  30  3:16  Gateway x2  
  30  3:18  Twilight Council  
  30  3:21  Probe  
  30  3:22  Pylon  
  31  3:33  Probe  
  30  4:07  Dark Shrine  
  30  4:08  Nexus  
  30  4:14  Zealot x3  
  36  4:20  Blink (Chrono Boost)  
  34  4:25  Pylon  
  34  4:34  Probe  
  35  4:44  Stalker x2  
  39  4:46  Zealot  
  41  4:55  Probe  
  42  5:07  Probe  
  43  5:20  Dark Templar  
  45  5:24  Zealot  
  47  5:28  Dark Templar  
  49  5:38  Pylon  
  47  5:45  Zealot  
  49  6:05  Stalker  
  49  6:06  Stalker  
  53  6:14  Gateway  
  53  6:15  Gateway  
  53  6:17  Gateway  
  53  6:20  Pylon  
  53  6:33  Probe (Chrono Boost)  
  53  6:34  Probe (Chrono Boost)  
  55  6:44  Probe x2 (Chrono Boost)  
  55  6:45  Pylon, Stalker x2  
  61  6:49  Probe x2 (Chrono Boost), Charge (Chrono Boost)  
  63  7:11  Dark Templar  
  65  7:17  Zealot  
  65  7:20  Probe  
  65  7:21  Probe  
  69  7:25  Stalker  
  69  7:27  Stalker x3  
  75  7:37  Pylon  
  75  7:52  Probe x2  
  77  8:04  Nexus  
  69  8:22  Stalker x4  
  69  8:23  Stalker x2  
  81  8:30  Forge  
  81  8:33  Forge  
Tags
 
Matchup
PvZ
Replay Pack
Zerg
Spawn Locations
Cross Positions
Add a new tag
Caveats
  • Supply blocks, unpowered buildings, or Contaminate may cause inaccurate times.
  • Supply counts are checked every 10 seconds.